 Dungeon Crawl Stone Soup version 0.30-a0-867-g305f33218d (webtiles) character file.

Game seed: 8275717304376107428

1279 Racksonjoss101 the Thaumaturge (level 8, -4/43 HPs)
             Began as a Deep Elf Ice Elementalist on Mar 10, 2023.
             Slain by a bullfrog (6 damage)
             ... on level 6 of the Dungeon.
             The game lasted 00:39:26 (6464 turns).

Racksonjoss101 the Thaumaturge (DEIE)               Turns: 6464, Time: 00:39:27

Health: -4/43      AC:  4    Str:  5    XL:     8   Next: 29%
Magic:  10/23      EV: 13    Int: 23    God:
Gold:   186        SH:  0    Dex: 15    Spells: 25/26 levels left

rFire   . . .      SeeInvis .    x - +0 hand axe (heavy)
rCold   . . .      Faith    .    (no shield)
rNeg    + + .      Spirit   .    w - +0 robe {rN+}
rPois   .          Reflect  .    (no helmet)
rElec   .          Rampage  .    o - +0 cloak
rCorr   .                        (no gloves)
Will    .....                    v - +0 pair of boots
Stlth   +++                      (no amulet)
HPRegen 0.27/turn                c - ring of positive energy
MPRegen 0.18/turn                (no ring)

@: studying Armour
A: no striking features
a: no special abilities


You were on level 6 of the Dungeon.
You visited 1 branch of the dungeon, and saw 6 of its levels.

You collected 186 gold pieces.

Inventory:

Hand Weapons
 d - a +2 mace of pain
 s - a +1 dagger of draining
 u - a +0 falchion
 x - a +0 heavy hand axe (weapon)
 y - a +0 falchion
 z - a +2 mace of protection
 B - a +0 short sword
Missiles
 e - 70 stones
 j - 13 poisoned darts
 t - 3 curare-tipped darts
 A - 6 large rocks
 L - 6 silver javelins
Armour
 a - a +0 robe
 o - a +0 cloak (worn)
 v - a +0 pair of boots (worn)
 w - a +0 robe of positive energy (worn)
 D - a +0 ring mail
 G - a +0 robe
 J - the +8 chain mail "Jesung" {+Blink rPois Will- SInv}
   (You found it on level 5 of the Dungeon)

   rPois:     It protects you from poison.
   SInv:      It lets you see invisible.
   +Blink:    It lets you blink.
   Will:      It decreases your willpower.
Magical Staves
 E - a staff of death
Jewellery
 c - a ring of positive energy (left hand)
 i - a ring of fire
Wands
 F - a wand of iceblast (8)
 H - a wand of flame (21)
Scrolls
 f - 2 scrolls of poison
 g - a scroll of blinking
 k - 2 scrolls of torment
 l - 2 scrolls of immolation
 r - 3 scrolls of vulnerability {unknown}
 C - a scroll of fear {unknown}
 I - a scroll of magic mapping {unknown}
 K - 2 scrolls of noise {unknown}
Potions
 b - a potion of magic
 h - a potion of heal wounds
 m - 2 potions of curing
 n - 2 potions of invisibility
 p - a potion of mutation {unknown}
 q - a potion of lignification {unknown}


   Skills:
 + Level 1.0 Fighting
 + Level 0.4 Short Blades
 + Level 3.2 Dodging
 + Level 3.9 Stealth
 + Level 9.6 Spellcasting
 + Level 8.2 Ice Magic


You had 25 spell levels left.
You knew the following spells:

 Your Spells              Type           Power      Damage    Failure   Level
a - Freeze                Ice            100%       1d10      1%          1

Your spell library contained the following spells:

 Spells                   Type           Power      Damage    Failure   Level
 Ensorcelled Hibernation  Hex/Ice        58%        N/A       1%          2
 Frozen Ramparts          Ice            96%        1d15      1%          3
 Ozocubu's Armour         Ice            48%        N/A       1%          3
 Kiss of Death            Conj/Necr      44%        2d8       6%          1
 Summon Ice Beast         Ice/Summ       29%        N/A       11%         4
 Confusing Touch          Hex            11%        N/A       19%         3
 Spider Form              Tmut/Pois      11%        N/A       19%         3
 Anguish                  Hex/Necr       5%         N/A       52%         4
 Dispel Undead            Necr           11%        3d9       52%         4


Dungeon Overview and Level Annotations

Branches:
Dungeon (6/15)             Temple (0/1) D:4

Altars:
Nemelex Xobeh
Okawaru
Uskayaw
Yredelemnul
Zin


Message History

Confirm with . or Enter, or press ? or * to list all spells.
Aiming: Freeze (safe; 1% risk of failure)
Press: ? - help, Shift-Dir - straight line, f/p - gnoll
Aim: a gnoll, wielding a +0 club (heavily wounded)
You freeze the gnoll!
You kill the gnoll!
The gnoll hits you from afar with a +0 spear.
The bullfrog hits you.
Casting: Freeze (safe; 1% risk of failure)
Confirm with . or Enter, or press ? or * to list all spells.
Aiming: Freeze (safe; 1% risk of failure)
Press: ? - help, Shift-Dir - straight line, f - bullfrog
Aim: a bullfrog You freeze the bullfrog.
The bullfrog is lightly wounded.
The gnoll hits you but does no damage.
The bullfrog hits you but does no damage.
Casting: Freeze (safe; 1% risk of failure)
Confirm with . or Enter, or press ? or * to list all spells.
Aiming: Freeze (safe; 1% risk of failure)
Press: ? - help, Shift-Dir - straight line, f/p - bullfrog
Aim: a bullfrog (lightly wounded)
You freeze the bullfrog.
The bullfrog is moderately wounded.
The bullfrog hits you.
* * * LOW HITPOINT WARNING * * *
The gnoll hits you from afar with a +0 spear.
* * * LOW HITPOINT WARNING * * *
The bullfrog hits you but does no damage.
Casting: Freeze (safe; 1% risk of failure)
Confirm with . or Enter, or press ? or * to list all spells.
Aiming: Freeze (safe; 1% risk of failure)
Press: ? - help, Shift-Dir - straight line, f/p - bullfrog
Aim: a bullfrog (moderately wounded)
You freeze the bullfrog!
The bullfrog is severely wounded.
The gnoll hits you from afar with a +0 spear.
* * * LOW HITPOINT WARNING * * *
The bullfrog hits you.
You die...

.# .# #####.## ...
...... ....
###...#### .....
#.........
.....g###.......#
#....sF@........#.#
#...####).......#.#
. ###......#.##..
#[.....#.##.#+#
#...)))#.##.#.#
###...##.##.#.#
###.##.##.#.#
#..).##.#.#
####)##.#.#


You could see a bullfrog, a scorpion and a gnoll.

Vanquished Creatures
  A water moccasin (D:5)
  An ice beast (D:5)
  A black bear (D:4)
  2 ogres
  A kobold brigand (D:3)
  A bullfrog (D:5)
  2 scorpions (D:5)
  3 hounds
  A jelly (D:6)
  2 orc priests (D:4)
  A gnoll bouda (D:6)
  2 iguanas (D:4)
  2 sleepcaps (D:5)
  An orc wizard (D:6)
  4 gnolls (D:6)
  6 adders
  An ufetubus (D:4)
  A worm (D:2)
  8 dart slugs
  10 orcs
  7 ball pythons
  9 bats
  6 endoplasms
  5 giant cockroaches
  18 goblins
  7 hobgoblins
  8 jackals
  4 quokkas
  4 frilled lizards
  18 kobolds
  4 rats
141 creatures vanquished.

Notes
Turn   | Place    | Note
-------+----------+-------------------------------------------
     0 | D:1      | Racksonjoss101 the Deep Elf Ice Elementalist began the
                  | quest for the Orb.
     0 | D:1      | Reached XP level 1. HP: 10/10 MP: 6/6
   396 | D:1      | Reached XP level 2. HP: 12/15 MP: 5/8
   659 | D:1      | Reached skill level 5 in Ice Magic
  1126 | D:1      | Found a faded altar of an unknown god.
  1257 | D:1      | Reached XP level 3. HP: 19/19 MP: 7/10
  1836 | D:2      | Reached skill level 4 in Spellcasting
  2468 | D:2      | Reached XP level 4. HP: 17/24 MP: 6/12
  3366 | D:3      | Reached skill level 5 in Spellcasting
  3392 | D:3      | Noticed a kobold brigand
  3513 | D:3      | Killed a kobold brigand
  3514 | D:3      | Reached XP level 5. HP: 16/28 MP: 2/15
  3724 | D:3      | Reached skill level 6 in Spellcasting
  3897 | D:3      | Noticed an ogre
  3910 | D:3      | Killed an ogre
  3911 | D:3      | Reached XP level 6. HP: 19/33 MP: 4/17
  4070 | D:4      | Found an iron altar of Okawaru.
  4090 | D:4      | Upgraded the game from 0.30-a0-862-g1aabd4f9c5 to
                  | 0.30-a0-867-g305f33218d
  4299 | D:4      | Found a basalt altar of Yredelemnul.
  4315 | D:4      | Found a glowing silver altar of Zin.
  4331 | D:4      | Found a sparkling altar of Nemelex Xobeh.
  4451 | D:4      | Found a staircase to the Ecumenical Temple.
  4478 | D:4      | Reached skill level 7 in Spellcasting
  4994 | D:4      | Reached XP level 7. HP: 17/37 MP: 10/20
  5389 | D:5      | Entered Level 5 of the Dungeon
  5400 | D:5      | Noticed a +0 falchion
  5400 | D:5      | Noticed a +0 short sword
  5400 | D:5      | Noticed a +0 short sword
  5400 | D:5      | Noticed a +0 dagger
  5401 | D:5      | Noticed a +0 dagger
  5401 | D:5      | Noticed a +0 spear
  5401 | D:5      | Noticed a +0 spear
  5401 | D:5      | Noticed a +0 falchion
  5428 | D:5      | Found a hide-covered altar of Uskayaw.
  5573 | D:5      | Reached skill level 8 in Spellcasting
  5693 | D:5      | Identified the +8 chain mail "Jesung" {+Blink rPois Will-
                  | SInv}
  5853 | D:5      | Reached skill level 9 in Spellcasting
  5853 | D:5      | Reached XP level 8. HP: 18/42 MP: 19/23
  6389 | D:6      | Reached skill level 1 in Fighting
  6464 | D:6      | HP: 2/43 [gnoll/+0 spear[a gnoll bouda] (3)]
  6464 | D:6      | Slain by a bullfrog

Illustrated notes

Levels and vault maps discovered:
D:1:      minmay_arrival_plants_in_alcoves, layout_basic,
          hellmonk_ecumenical_altar_blasted, minmay_split_cup_small
D:2:      layout_basic
D:3:      cheibrodos_thug_alley, layout_loops_ring, gup_sewer_entry_bowl,
          minmay_ogre_servants
D:4:      layout_basic, okawaru_ov_weapons_minmay,
          minmay_overflow_temple_star_quad, minmay_temple_entry_trees,
          minmay_manual_monstrance
D:5:      layout_loops_ring, nicolae_uskayaw_en_pointe, feat_on_display
D:6:      old_forge, layout_basic, serial_shops, nicolae_lakefront_shop,
          biasface_ghost_orc_armoury, nicolae_shop_clearance

Skill      XL: |  1  2  3  4  5  6  7  8 |
---------------+-------------------------+-----
Ice Magic      | 5 6 7 8 |  8.2
Spellcasting   | 4 5 6 7 9 |  9.6
Stealth        | 3 |  3.9
Dodging        | 3 |  3.2
Fighting       | 1 |  1.0
Short Blades   | |  0.4

Action                     |  1- 3 |  4- 6 |  7- 9 || total
---------------------------+-------+-------+-------++-------
  Melee: Unarmed           |    21 |       |       ||    21
         Short sword       |     5 |     5 |       ||    10
         Dagger            |       |     3 |    28 ||    31
         Hand axe          |       |       |     1 ||     1
   Cast: Freeze            |    84 |   107 |    80 ||   271
  Evoke: Wand              |       |       |     1 ||     1
    Use: Scroll            |     4 |     2 |       ||     6
         Potion            |       |     2 |     2 ||     4
   Stab: Sleeping          |       |       |     1 ||     1
 Armour: Robe              |    13 |    19 |    22 ||    54
  Dodge: Dodged            |    62 |    60 |    61 ||   183

Table legend: (Time is in decaauts)
 A = Elapsed time spent in this place.
 B = Non-inter-level travel time spent in this place.
 C = Inter-level travel time spent in this place.
 D = Time resting spent in this place.
 E = Time spent auto-exploring this place.
 F = Levels seen in this place.
 G = Mean time per level.
                   A        B        C        D        E       F      G
               +--------+--------+--------+--------+--------+-----+--------+
         Total |   6481 |   6171 |    310 |    423 |     11 |   6 | 1080.2 |
       Dungeon |   6481 |   6171 |    310 |    423 |     11 |   6 | 1080.2 |
               +--------+--------+--------+--------+--------+-----+--------+

Top non-repeatable levels by time:
     D:1: 1737 daAuts
     D:4: 1326 daAuts
     D:2: 1293 daAuts
     D:3: 1049 daAuts
     D:5: 924 daAuts
     D:6: 150 daAuts
